 Dungeon Crawl Stone Soup version 0.22-a0-247-gbddf880 (webtiles) character file.

125 MatthieuS the Firebug (level 5, 0/29 HPs)
             Began as a Tengu Fire Elementalist on Feb 27, 2018.
             Slain by Menkaure (10 damage)
             ... on level 4 of the Dungeon.
             The game lasted 00:07:12 (2365 turns).

MatthieuS the Firebug (Tengu Fire Elementalist)     Turns: 2365, Time: 00:07:13

Health: 0/29       AC:  3    Str:  8    XL:     5   Next: 9%
Magic:  10/10      EV: 12    Int: 17    God:
Gold:   97         SH:  4    Dex: 14    Spells: 4/10 levels left

rFire    + . .     SeeInvis .   h - +2 short sword (venom)
rCold    . . .     Gourm    .   (no shield)
rNeg     . . .     Faith    .   e - +0 leather armour
rPois    .         Spirit   .   (helmet restricted)
rElec    .         Reflect  +   (no cloak)
rCorr    .         Harm     .   (no gloves)
MR       .....                  (boots unavailable)
Stlth    ++........             r - +4 amulet of reflection
HPRegen  0.09/turn              f - ring of wizardry (curse)
MPRegen  0.12/turn              w - ring of protection from fire

@: about to teleport
A: beak, talons 3, able to fly 1
a: Fly


You were on level 4 of the Dungeon.
You were not hungry.

You visited 1 branch of the dungeon, and saw 4 of its levels.

You collected 97 gold pieces.

Inventory:

Hand Weapons
 h - a +2 short sword of venom (weapon)
Missiles
 g - 47 stones (quivered)
 k - a throwing net
 t - 13 sling bullets
Armour
 a - a +0 robe
 e - a +0 leather armour (worn)
Jewellery
 f - a cursed ring of wizardry (left hand)
 n - a +2 ring of strength
 r - a +4 amulet of reflection (around neck)
 w - a ring of protection from fire (right hand)
Scrolls
 d - a scroll of teleportation
 i - a scroll of remove curse
 j - a scroll of fog {unknown}
 m - a scroll of noise {unknown}
 p - a scroll of random uselessness {unknown}
 q - a scroll of identify {unknown}
 s - a scroll of enchant armour {unknown}
 u - a scroll of blinking {unknown}
Potions
 l - 2 potions of curing {unknown}
 o - 2 potions of degeneration {unknown}
Comestibles
 b - 2 rations
 v - a chunk of flesh


   Skills:
 + Level 1.5 Fighting
 - Level 0.1 Short Blades
 + Level 2.9 Dodging
 - Level 2.0 Stealth
 * Level 3.1 Spellcasting
 + Level 2.7 Conjurations
 + Level 3.9 Fire Magic


You had 4 spell levels left.
You knew the following spells:

 Your Spells              Type           Power        Failure   Level  Hunger
a - Flame Tongue          Conj/Fire      ##...        2%          1    None
b - Throw Flame           Conj/Fire      ##....       4%          2    ##.....
c - Conjure Flame         Conj/Fire      ##......     8%          3    ###....


Dungeon Overview and Level Annotations

Branches:
Dungeon (4/15)
 Temple: D:4-7

Altars:
Hepliaklqana

Annotations:
D:3 Robby's ghost, amateur GrFi
D:4 Menkaure


Innate Abilities, Weirdness & Mutations

You have a beak for a mouth.
You have claws for feet.
You can fly.


Message History

You block the adder skeleton's attack.
You hit the adder skeleton.
You destroy the adder skeleton!
You aren't carrying any items that you can evoke.
It was a potion of heal wounds.
You feel much better. Menkaure hits you!!
Ouch! That really hurt!
* * * LOW HITPOINT WARNING * * *
You feel much better. Menkaure hits you!!
Ouch! That really hurt!
You hit Menkaure. Your kick misses Menkaure. Your peck misses Menkaure.
Menkaure is lightly damaged.
Menkaure barely misses you.
As you read the scroll labeled ITABRE JUTT, it crumbles to dust.
You feel strangely unstable.
It was a scroll of teleportation.
Menkaure barely misses you.
You hit Menkaure but do no damage. You claw Menkaure, but do no damage.
Your peck misses Menkaure.
Menkaure is lightly damaged.
Menkaure hits you!
You die...

♣♣....P♣P.###<####
♣.P.P♣♣....)....#
♣♣...[..♣#♣.P♣♣.#
♣.♣♣♣♣♣##P.P♣♣.#
#####.♣♣♣♣###P.♣.♣.#
#[...........♣♣....#
#.#####..####♣♣P♣♣##
#..####.###
#@M.....# ##.###..#
.# # .. .## .# .# ##


You could see Menkaure.

Vanquished Creatures
  5 adders
  An ooze (D:1)
  An adder skeleton (D:4)
  2 worms
  A dart slug (D:2)
  2 leopard geckos (D:2)
  A ball python (D:2)
  10 bats
  6 giant cockroaches (D:1)
  8 goblins
  8 hobgoblins
  2 jackals (D:1)
  3 frilled lizards
  6 kobolds
  8 rats
64 creatures vanquished.

Notes
Turn   | Place    | Note
-------+----------+-------------------------------------------
     0 | D:1      | MatthieuS the Tengu Fire Elementalist began the quest for the Orb.
     0 | D:1      | Reached XP level 1. HP: 10/10 MP: 4/4
   128 | D:1      | Reached XP level 2. HP: 16/16 MP: 3/6
   204 | D:1      | Learned a level 2 spell: Throw Flame
   258 | D:1      | Reached XP level 3. HP: 20/20 MP: 1/7
   345 | D:1      | Reached skill level 1 in Fighting
  1081 | D:2      | Reached XP level 4. HP: 16/25 MP: 1/9
  1239 | D:2      | Found a hazy altar of Hepliaklqana.
  2175 | D:3      | Gained mutation: You can fly. [Tengu growth]
  2175 | D:3      | Reached XP level 5. HP: 29/29 MP: 6/10
  2237 | D:3      | Noticed Robby's ghost (amateur GrFi)
  2347 | D:4      | Learned a level 3 spell: Conjure Flame
  2356 | D:4      | Noticed Menkaure
  2365 | D:4      | Slain by Menkaure

Vault maps used:
D:1:      lemuel_arrival_muddy, minmay_pentomino_v2
D:2:      lemuel_crystal_altar
D:4:      kennysheep_mini, serial_shops, shop_statue, shop, shop_coins, shop,
          nicolae_shop_statue_plus, serial_forest, infiniplex_forest_corner_1,
          infiniplex_forest_clump_long, infiniplex_forest_3_way,
          infiniplex_forest_clump_small, infiniplex_forest_end_3,
          infiniplex_forest_lined_3, infiniplex_forest_clump_long, first_ration,
          uniq_menkaure, uniq_pikel, uniq_natasha, uniq_edmund

Skill      XL: |  1  2  3  4 |
---------------+-------------+-----
Conjurations   | 2 |  2.7
Fighting       | 1 |  1.5
Spellcasting   | 3 |  3.1
Short Blades   | |  0.1
Dodging        | |  2.9
Stealth        | |  2.0
Fire Magic     | |  3.9

Action                   |  1- 3 |  4- 6 || total
-------------------------+-------+-------++-------
Melee: Short sword       |    56 |    38 ||    94
       Peck              |     9 |     1 ||    10
       Kick              |     6 |     5 ||    11
 Cast: Flame Tongue      |    35 |    13 ||    48
       Throw Flame       |     3 |    10 ||    13
  Use: Scroll            |       |     4 ||     4
       Potion            |       |     2 ||     2
  Eat: Chunk             |     1 |     3 ||     4
       Ration            |       |     1 ||     1
Armor: Robe              |    17 |       ||    17
       Leather armour    |       |    10 ||    10
Dodge: Dodged            |    62 |    30 ||    92
Block: Other             |       |     2 ||     2

Table legend:
 A = Spawn XP
 B = Non-spawn XP
 C = Spawn XP percentage of total XP
 D = Spawn monster count
 E = Non-spawn monster count
 F = Spawn count percentage of total count
 G = Total turns spent on level
                    A         B        C        D         E        F      G
               +---------+---------+-------+---------+---------+-------+---------
         Total |       0 |     179 |   0.0 |       0 |      64 |   0.0 |  2365
               +---------+---------+-------+---------+---------+-------+---------
           D:1 |       0 |      65 |   0.0 |       0 |      35 |   0.0 |   905
           D:2 |       0 |      86 |   0.0 |       0 |      22 |   0.0 |   874
           D:3 |       0 |      23 |   0.0 |       0 |       6 |   0.0 |   490
           D:4 |       0 |       5 |   0.0 |       0 |       1 |   0.0 |    96
               +---------+---------+-------+---------+---------+-------+---------
